MegaRandom
508780268Analyzed2v2 RM
·
10d ago on Sep 24, 2026·
21m 44s·
4 players
Game mode
Random Map
Map size
Medium (4 player)
Population
200
Speed
Normal
Resources
Standard
Victory
Conquest
Starting age
Dark Age
Ending age
Imperial Age
RankedLock teamsTeams togetherTeam positionsShared explorationLock speedFull tech treeHidden civsTurbo modeCheats
Victory
Defeat
Replay analysis
sliu132
8:31
Loom
10:42
Feudal Age
15:10
Castle Age
15:12
Scale Barding Armor
16:03
Double-Bit Axe
16:34
Fishing Lines
20:37
Horse Collar
Nencatacoa
7:04
Loom
10:32
Feudal Age
11:18
Double-Bit Axe
19:40
Castle Age
18:15
Scale Barding Armor
19:06
Forging
19:11
Fletching
19:25
Gold Mining
20:25
Husbandry
21:03
Iron Casting
20:26
Bodkin Arrow
21:55
Bow Saw
Adrianus
1:10
Loom
8:27
Loom
10:43
Feudal Age
11:17
Double-Bit Axe
11:28
Horse Collar
19:27
Wheelbarrow
19:52
Town Watch
22:42
Castle Age
[TodEs] The Andi
11:27
Feudal Age
12:22
Horse Collar
12:29
Double-Bit Axe
15:34
Loom
18:21
Castle Age
16:33
Gold Mining
17:33
Fletching
18:38
Padded Archer Armor
20:55
Crossbowman